 Dungeon Crawl Stone Soup version 0.25-a0-35-g747a2b3c0c (webtiles) character file.

Game seed: 9517368097737827204, levelgen mode: deterministic

123712 Dycilia the Victor of a Thousand Battles (level 16, -3/131 HPs)
             Began as a Demonspawn Fighter on Oct 19, 2019.
             Was the Champion of Okawaru.
             Slain by a merfolk impaler
             ... wielding a +1 trident of venom
              (9 damage)
             ... on level 1 of the Shoals.
             The game lasted 02:15:57 (33399 turns).

Dycilia the Victor of a Thousand Battles (DsFi)    Turns: 33399, Time: 02:16:00

Health: -3/131     AC: 25    Str: 21    XL:     16   Next: 37%
Magic:  27/27      EV:  6    Int: 10    God:    Okawaru [******]
Gold:   2100       SH: 15    Dex: 15    Spells: 15/15 levels left

rFire    + . .     SeeInvis .   a - +6 demon trident (flame)
rCold    + . .     Gourm    .   q - +2 shield {rC+}
rNeg     . . .     Faith    .   N - +2 plate armour {rF+}
rPois    .         Spirit   .   d - +1 hat
rElec    .         Reflect  .   M - scarf {repulsion}
rCorr    .         Harm     .   (no gloves)
MR       +++..                  m - +2 pair of boots {Fly}
Stlth    ..........             W - amulet of magic regeneration
HPRegen  0.31/turn              P - ring of protection from magic
MPRegen  0.45/turn              w - ring of protection from magic

@: lethally poisoned (-3 -> -9), repel missiles, very slow
A: horns 2, icy blue scales 2, nightstalker 2, spiny 1
a: Heroism, Finesse, Renounce Religion, Evoke Flight


You were on level 1 of the Shoals.
You worshipped Okawaru.
Okawaru was exalted by your worship.
You were hungry.

You visited 5 branches of the dungeon, and saw 25 of its levels.
You also visited: Sewer and Gauntlet.

You collected 2535 gold pieces.
You spent 435 gold pieces at shops.

Inventory:

Hand Weapons
 a - a +6 demon trident of flaming (weapon)
 b - a +7 trident of venom
 S - the +0 demon trident of Defiance {drain, Str+8}
   (Okawaru gifted it to you on level 5 of the Lair of Beasts)

   A truly terrible weapon, it drains the life of those it strikes.
   It affects your strength (+8).
Armour
 d - a +1 hat (worn)
 m - a +2 pair of boots of flying (worn)
 p - +0 fire dragon scales
 q - a +2 shield of cold resistance (worn)
 K - a +2 cloak
 M - a scarf of repulsion (worn)
 N - a +2 plate armour of fire resistance (worn)
Jewellery
 c - an uncursed amulet of the gourmand {unknown}
 l - an uncursed ring of protection from fire
 o - an uncursed ring of positive energy
 r - a +3 ring of intelligence
 w - a ring of protection from magic (right hand)
 x - an uncursed ring of positive energy
 P - a ring of protection from magic (left hand)
 R - an uncursed ring of magical power
 W - an amulet of magic regeneration (around neck)
Wands
 j - a wand of clouds (4)
 A - a wand of acid (8)
 C - a wand of digging (8)
 E - a wand of iceblast (24)
 F - a wand of polymorph (19)
 H - a wand of enslavement (11)
 J - a wand of paralysis (10)
Scrolls
 e - 11 scrolls of remove curse
 i - 2 scrolls of blinking
 k - 14 scrolls of teleportation
 n - 6 scrolls of fear
 t - 5 scrolls of magic mapping
 u - 2 scrolls of fog
 v - a scroll of amnesia
 y - a scroll of identify
 Y - 3 scrolls of enchant armour
Potions
 g - a potion of curing
 h - 5 potions of mutation
 s - 7 potions of magic
 D - 2 potions of might
 G - 3 potions of haste
 I - a potion of flight
 L - a potion of berserk rage
 Z - 2 potions of cancellation
Miscellaneous
 U - a phantom mirror
Comestibles
 f - 44 rations
 z - 11 chunks of flesh


   Skills:
 + Level 13.6 Fighting
 * Level 13.7 Polearms
 + Level 12.6 Armour
 + Level 12.6 Shields
 - Level 14.9 Invocations


You had 15 spell levels left.
You didn't know any spells.
Your spell library contained the following spells:

 Spells                   Type           Power        Failure   Level  Hunger
 Animate Skeleton         Necr           N/A          99%         1    ##.....
 Apportation              Tloc           #.....       99%         1    ##.....
 Confusing Touch          Hex            #.....       99%         1    ##.....
 Corona                   Hex            #......      99%         1    ##.....
 Flame Tongue             Conj/Fire      #....        99%         1    ##.....
 Freeze                   Ice            #...         99%         1    ##.....
 Magic Dart               Conj           #...         99%         1    ##.....
 Pain                     Necr           #...         99%         1    ##.....
 Summon Butterflies       Summ           #.......     99%         1    ##.....
 Summon Small Mammal      Summ           #...         99%         1    ##.....
 Blink                    Tloc           N/A          100%        2    ###....
 Call Imp                 Summ           #.......     100%        2    ###....
 Searing Ray              Conj           #.....       100%        2    ###....
 Slow                     Hex            #.......     100%        2    ###....
 Throw Flame              Conj/Fire      #.....       100%        2    ###....
 Throw Frost              Conj/Ice       #.....       100%        2    ###....
 Call Canine Familiar     Summ           #.......     100%        3    ####...
 Conjure Flame            Conj/Fire      #.......     100%        3    ####...
 Dazzling Spray           Conj/Hex       #.....       100%        3    ####...
 Inner Flame              Hex/Fire       #.......     100%        3    ####...
 Mephitic Cloud           Conj/Pois/Air  #.......     100%        3    ####...
 Ozocubu's Armour         Chrm/Ice       #.......     100%        3    ####...
 Portal Projectile        Hex/Tloc       #.....       100%        3    ####...
 Regeneration             Chrm/Necr      #.........   100%        3    ####...
 Vampiric Draining        Necr           #.........   100%        3    ####...
 Animate Dead             Necr           N/A          100%        4    #####..
 Cause Fear               Hex            #.........   100%        4    #####..
 Force Lance              Conj/Tloc      #.......     100%        4    #####..
 Fulminant Prism          Conj/Hex       #.........   100%        4    #####..
 Iskenderun's Mystic Bla  Conj           #.......     100%        4    #####..
 Leda's Liquefaction      Hex/Erth       #.........   100%        4    #####..
 Sticky Flame             Conj/Fire      #.......     100%        4    #####..
 Summon Ice Beast         Ice/Summ       #.......     100%        4    #####..
 Throw Icicle             Conj/Ice       #.......     100%        4    #####..
 Bolt of Magma            Conj/Fire/Erth #.........   100%        5    ######.
 Fireball                 Conj/Fire      #.........   100%        5    ######.
 Summon Mana Viper        Hex/Summ       #.......     100%        5    ######.
 Iron Shot                Conj/Erth      #.........   100%        6    #######
 Statue Form              Tmut/Erth      #........    100%        6    #######
 Summon Hydra             Summ           #.........   100%        7    #######
 Shatter                  Erth           #.........   100%        9    #######


Dungeon Overview and Level Annotations

Branches:
Dungeon (15/15)            Temple (0/1) D:5            Lair (6/6) D:11
 Shoals (1/4) Lair:2       Spider (1/4) Lair:3        Slime (0/5) Lair:5
    Orc (2/2) D:12            Elf (0/3) Orc:2        Vaults (0/5) D:14
 Depths (0/5) D:15          Sewer (visited)         Gauntlet (visited)

Altars:
Cheibriados
Elyvilon
Fedhas
Okawaru
Ru
Sif Muna
Trog
Wu Jian
Xom
Yredelemnul
Jiyva

Shops:
D:11 (   Orc:2 ?:*[(

Annotations:
D:7 2 transporters, Amen's ghost, novice GnWz


Innate Abilities, Weirdness & Mutations

You have a pair of horns on your head.
You are mostly covered in icy blue scales. (AC +3)
You are significantly more attuned to the shadows.
You are partially covered in sharp spines.


Message History

You block the merfolk impaler's attack.
The merfolk hits you from afar with a +0 trident!
* * * LOW HITPOINT WARNING * * *
Attack whom?
Press: ? - help, Dir - move target cursor, f - merfolk
Aim: a merfolk, wielding a +0 trident You reach to attack!
Your unstable footing causes you to fumble your attack.
* * * LOW HITPOINT WARNING * * *
You feel sick.
The merfolk impaler hits you from afar with a +1 trident of venom!
* * * LOW HITPOINT WARNING * * *
You are more poisoned.
You feel better.
The merfolk impaler hits you from afar with a +1 trident of venom.
* * * LOW HITPOINT WARNING * * *
You are lethally poisoned!
The merfolk hits you but does no damage.
The merfolk impaler hits you from afar with a +1 trident of venom!
You die...

≈≈≈≈≈..##...#
≈≈≈≈≈≈......##
.≈≈≈≈...≈≈...##
.≈..≈..≈≈≈....#
≈.....≈≈≈≈....##
...##..≈≈≈≈...#
..
...≈(≈≈.##^...≈
.≈≈≈≈≈≈.# ....≈
#..≈@..# ....≈
##.≈≈...##...≈
....mm≈.......≈
....≈.≈..≈..
........≈≈≈≈
....≈....≈≈


You could see a merfolk impaler and a merfolk.

Vanquished Creatures
  Kirke (D:13)
  An orc warlord (Orc:1)
  2 entropy weavers (Spider:1)
  Nessos (Lair:4)
  A yaktaur captain (D:15)
  10 hydras
  4 vault guards (D:14)
  Harold (D:8)
  A death knight (D:15)
  4 centaur warriors
  A merfolk aquamancer (Shoals:1)
  An ogre mage (D:15)
  A merfolk avatar (Shoals:1)
  5 two-headed ogres
  2 tengu warriors (D:14)
  Urug (D:13)
  4 orc high priests
  2 sea snakes (Shoals:1)
  2 skeletal warriors (D:15)
  A deep troll (shapeshifter) (D:13)
  2 wizards
  6 orc knights
  3 deep elf magi
  A wolf spider zombie (D:14)
  8 ugly things
  4 manticores
  2 orb spiders (Spider:1)
  5 orc sorcerers
  4 cyclopes
  5 wolf spiders
  13 elephants
  Maurice (D:8)
  7 black mambas (Lair:6)
  2 guardian serpents
  A naga mage (D:15)
  A water nymph (Shoals:1)
  2 gargoyles
  16 spiny frogs
  5 komodo dragons
  2 demonic crawlers (Spider:1)
  A kobold demonologist (D:12)
  A harpy zombie (D:15)
  A tengu conjurer (D:14)
  6 trolls
  A queen bee (D:11)
  14 polar bears
  6 jumping spiders (Spider:1)
  5 hornets
  A raiju (Lair:6)
  A wind drake (Shoals:1)
  2 merfolk (Shoals:1)
  13 slime creatures
  A hornet (shapeshifter) (D:15)
  7 dream sheep (Lair:6)
  19 blink frogs
  14 hippogriffs
  A snapping turtle (Lair:2)
  Sigmund (D:5)
  2 tarantellas
  A centaur simulacrum (D:14)
  13 redbacks
  4 water elementals (Shoals:1)
  2 shadows
  4 wraiths (D:15)
  47 yaks
  15 wyverns
  7 hogs (D:13)
  4 hungry ghosts
  3 basilisks
  9 vampire mosquitoes
  7 wargs
  A soldier ant (D:15)
  17 water moccasins
  A water moccasin (shapeshifter) (D:14)
  16 hell hounds (Lair:6)
  7 ice beasts
  12 porcupines
  13 black bears
  6 sky beasts
  37 orc warriors
  4 phantoms
  A boggart (D:15)
  An eye of draining (D:12)
  4 necrophages
  14 ogres
  35 wolves
  10 centaurs
  10 crocodiles
  5 big kobolds
  21 bullfrogs
  An elf skeleton (D:7)
  A water moccasin zombie (D:9)
  2 scorpions
  10 wights
  16 killer bees (D:11)
  9 howler monkeys
  3 electric eels
  A troll skeleton (D:7)
  6 centaur zombies
  5 crimson imps
  A quasit (D:14)
  3 human zombies (D:7)
  22 orc priests
  3 bullfrog zombies
  6 hounds
  2 jellies
  4 centaur skeletons
  3 bullfrog skeletons
  3 iguanas
  25 orc wizards
  7 worker ants
  2 mummies (D:7)
  3 hound skeletons
  3 worker ant zombies
  24 adders
  4 river rats (Sewer)
  6 shadow imps
  3 oozes
  2 adder skeletons
  A worm (D:3)
  6 dart slugs
  5 leopard geckos
  94 orcs
  11 ball pythons
  6 giant cockroaches
  6 goblins
  14 hobgoblins
  13 jackals
  29 kobolds
  8 quokkas
  10 bats
  9 frilled lizards
  A leopard gecko skeleton (D:6)
  An orc skeleton (D:7)
  2 quokka skeletons
  A quokka zombie (D:9)
  28 rats
  A butterfly (Lair:6)
990 creatures vanquished.

Vanquished Creatures (others)
  9 bushes
  17 fungi
  40 plants
66 creatures vanquished.

Grand Total: 1056 creatures vanquished

Notes
Turn   | Place    | Note
-------+----------+-------------------------------------------
     0 | D:1      | Dycilia the Demonspawn Fighter began the quest for the Orb.
     0 | D:1      | Reached XP level 1. HP: 18/18 MP: 1/1
   119 | D:1      | Gained mutation: You are partially covered in sharp spines.
                  | [demonic ancestry]
   119 | D:1      | Reached XP level 2. HP: 23/24 MP: 2/2
   242 | D:1      | Reached XP level 3. HP: 24/29 MP: 3/3
   639 | D:2      | Reached XP level 4. HP: 5/36 MP: 4/4
  1205 | D:2      | Found an iron altar of Okawaru.
  1224 | D:2      | Became a worshipper of Warmaster Okawaru
  1541 | D:3      | Found a white marble altar of Elyvilon.
  1689 | D:3      | Gained mutation: You are slightly more attuned to the
                  | shadows. [demonic ancestry]
  1689 | D:3      | Reached XP level 5. HP: 41/42 MP: 5/5
  2053 | D:3      | Found a blossoming altar of Fedhas.
  2133 | D:3      | Found a shimmering blue altar of Sif Muna.
  2414 | D:4      | Found a glowing drain.
  2424 | Sewer    | Entered a sewer
  2799 | Sewer    | Gained mutation: You have a pair of small horns on your
                  | head. [demonic ancestry]
  2799 | Sewer    | Reached XP level 6. HP: 47/48 MP: 6/6
  3117 | D:4      | Reached * piety under Okawaru
  3117 | D:4      | Gained mutation: You are partially covered in icy blue
                  | scales. (AC +2) [demonic ancestry]
  3117 | D:4      | Reached XP level 7. HP: 41/55 MP: 7/7
  3281 | D:4      | Got a smelly ring mail
  3563 | D:5      | Entered Level 5 of the Dungeon
  3575 | D:5      | Identified the +1 ring mail "Kosuy" {rElec rCorr} (You
                  | found it on level 4 of the Dungeon)
  3705 | D:5      | Reached skill level 5 in Fighting
  3745 | D:5      | Found a staircase to the Ecumenical Temple.
  4003 | D:5      | Noticed Sigmund
  4039 | D:5      | Killed Sigmund
  4349 | D:5      | Reached skill level 5 in Armour
  4349 | D:5      | Reached skill level 5 in Shields
  4349 | D:5      | Reached XP level 8. HP: 63/63 MP: 8/8
  4433 | D:5      | Found a shimmering altar of Xom.
  4434 | D:5      | Found a bloodstained altar of Trog.
  4434 | D:5      | Found an ornate altar of the Wu Jian Council.
  4437 | D:5      | Found a sacrificial altar of Ru.
  4437 | D:5      | Found a white marble altar of Elyvilon.
  4437 | D:5      | Found a sacrificial altar of Ru.
  4493 | D:6      | You fall into a shaft and drop 2 floors!
  4634 | D:7      | Reached ** piety under Okawaru
  4634 | D:7      | Reached skill level 5 in Polearms
  5219 | D:7      | Found a basalt altar of Yredelemnul.
  5260 | D:7      | Reached XP level 9. HP: 63/70 MP: 9/9
  5502 | D:7      | Reached *** piety under Okawaru
  5685 | D:7      | Noticed Amen's ghost (novice GnWz)
  5692 | D:7      | Found a transporter.
  5694 | D:7      | Found a transporter.
  6030 | D:8      | Found a snail-covered altar of Cheibriados.
  6292 | D:8      | Noticed Maurice
  6320 | D:8      | Killed Maurice
  6642 | D:8      | Reached **** piety under Okawaru
  6758 | D:8      | Noticed Harold
  6774 | D:8      | Killed Harold
  6774 | D:8      | Reached XP level 10. HP: 11/80 MP: 10/10
  8228 | D:9      | Reached ***** piety under Okawaru
  8827 | D:10     | Entered Level 10 of the Dungeon
  9077 | D:10     | Noticed a two-headed ogre
  9104 | D:10     | HP: 3/82 [two-headed ogre/+2 dire flail of protection (4)]
  9105 | D:10     | Killed a two-headed ogre
  9761 | D:10     | Received a gift from Okawaru
 10226 | D:11     | Gained mutation: You are mostly covered in icy blue scales.
                  | (AC +3) [demonic ancestry]
 10226 | D:11     | Reached XP level 11. HP: 70/89 MP: 11/11
 10229 | D:11     | Reached skill level 1 in Invocations
 10415 | D:11     | Noticed a cyan ugly thing
 10442 | D:11     | Killed a cyan ugly thing
 10442 | D:11     | Reached skill level 2 in Invocations
 10448 | D:11     | Reached skill level 3 in Invocations
 10970 | D:11     | Reached skill level 4 in Invocations
 11107 | D:11     | Found a white marble altar of Elyvilon.
 11328 | D:11     | Reached skill level 5 in Invocations
 11549 | D:11     | Found Ugaci's Weapon Boutique.
 11744 | D:11     | Found a staircase to the Lair.
 11816 | Lair:1   | Entered Level 1 of the Lair of Beasts
 11961 | Lair:1   | Received a gift from Okawaru
 11961 | Lair:1   | Reached skill level 6 in Invocations
 12274 | Lair:1   | Noticed an eight-headed hydra
 12295 | Lair:1   | Killed an eight-headed hydra
 12295 | Lair:1   | Reached skill level 7 in Invocations
 12895 | Lair:1   | You fall into a shaft and drop 1 floor!
 13374 | Lair:2   | Gained mutation: You have a pair of horns on your head.
                  | [demonic ancestry]
 13374 | Lair:2   | Reached XP level 12. HP: 92/97 MP: 17/17
 13437 | Lair:2   | Reached skill level 10 in Fighting
 13442 | Lair:2   | Reached skill level 8 in Invocations
 13514 | Lair:2   | Noticed a seven-headed hydra
 13524 | Lair:2   | Killed a seven-headed hydra
 13524 | Lair:2   | Received a gift from Okawaru
 13528 | Lair:2   | Got a translucent cloak
 13532 | Lair:2   | Identified a scroll of acquirement
 14107 | Lair:2   | Reached skill level 9 in Invocations
 14449 | Lair:2   | Found a staircase to the Shoals.
 15213 | Lair:3   | Found a hole to the Spider Nest.
 15429 | Lair:3   | Reached skill level 10 in Invocations
 15658 | Lair:4   | Noticed Nessos
 16518 | Lair:4   | Noticed a five-headed hydra
 16534 | Lair:4   | Killed a five-headed hydra
 16534 | Lair:4   | Received a gift from Okawaru
 16562 | Lair:4   | Killed Nessos
 16562 | Lair:4   | Reached skill level 11 in Invocations
 16562 | Lair:4   | Reached XP level 13. HP: 24/105 MP: 21/21
 16962 | Lair:4   | Reached skill level 10 in Armour
 16998 | Lair:4   | Reached skill level 10 in Shields
 17938 | Lair:5   | Received a gift from Okawaru
 17941 | Lair:5   | Got a translucent demon trident {god gift}
 17945 | Lair:5   | Identified the +0 demon trident of Defiance {drain, Str+8}
                  | (Okawaru gifted it to you on level 5 of the Lair of Beasts)
 18034 | Lair:5   | Found a viscous altar of Jiyva.
 18034 | Lair:5   | Found a staircase to the Slime Pits.
 18170 | Lair:5   | Reached skill level 10 in Polearms
 18324 | Lair:5   | Reached skill level 12 in Invocations
 18333 | Lair:5   | HP: 4/106 [crocodile (11)]
 19027 | Lair:6   | Entered Level 6 of the Lair of Beasts
 19047 | Lair:6   | Identified the -4 cloak "Miatoab" {rN+ Str-4 Stlth+} (You
                  | found it on level 2 of the Lair of Beasts)
 19456 | Lair:6   | Reached ****** piety under Okawaru
 19972 | Lair:6   | Reached skill level 13 in Invocations
 20091 | Lair:6   | Received a gift from Okawaru
 20442 | Lair:6   | Gained mutation: You are significantly more attuned to the
                  | shadows. [demonic ancestry]
 20442 | Lair:6   | Reached XP level 14. HP: 113/113 MP: 24/24
 20507 | Lair:6   | Received a gift from Okawaru
 20794 | Lair:6   | Got a transparent quarterstaff {god gift}
 20974 | Lair:6   | Paralysed by a hornet for 2 turns
 21244 | Lair:6   | Reached skill level 14 in Invocations
 21818 | Lair:6   | Received a gift from Okawaru
 22998 | D:12     | Found a staircase to the Orcish Mines.
 23449 | Orc:1    | Entered Level 1 of the Orcish Mines
 23727 | Orc:2    | Entered Level 2 of the Orcish Mines
 23828 | Orc:2    | Received a gift from Okawaru
 25057 | Orc:2    | Found Dyrhu's Magic Scroll Boutique.
 25060 | Orc:2    | Bought a scroll of enchant armour for 120 gold pieces
 25060 | Orc:2    | Bought a scroll of enchant armour for 120 gold pieces
 25060 | Orc:2    | Bought a scroll of enchant armour for 120 gold pieces
 25216 | Orc:2    | Found a staircase to the Elven Halls.
 25889 | Orc:2    | Reached XP level 15. HP: 108/122 MP: 26/26
 25948 | Orc:2    | Noticed an orc warlord
 26038 | Orc:1    | Killed an orc warlord
 26537 | Orc:2    | Found Buok's Antique Armour Boutique.
 26537 | Orc:2    | Found Nucum's General Store.
 26537 | Orc:2    | Found Jemisik's Antique Weapon Shop.
 26549 | Orc:2    | Found Kowic's Book Boutique.
 26554 | Orc:2    | Bought a potion of curing for 45 gold pieces
 26554 | Orc:2    | Bought a scroll of identify for 30 gold pieces
 26856 | Spider:1 | Entered Level 1 of the Spider Nest
 27085 | Spider:1 | Received a gift from Okawaru
 28438 | D:13     | Noticed Kirke
 28451 | D:13     | Killed Kirke
 28547 | D:13     | Noticed Urug
 28568 | D:13     | Killed Urug
 28740 | D:14     | Found a gate leading to a gauntlet.
 28758 | Gauntlet | Entered a Gauntlet
 28758 | Gauntlet | Found a transporter.
 28802 | Gauntlet | Found a transporter.
 28802 | Gauntlet | Found a transporter.
 28819 | Gauntlet | Found a runed translucent door.
 28829 | Gauntlet | Found a transporter.
 28878 | Gauntlet | Found a transporter.
 28910 | Gauntlet | Found a transporter.
 28912 | Gauntlet | Found a transporter.
 28917 | Gauntlet | Found a transporter.
 28920 | Gauntlet | Found a transporter.
 28924 | Gauntlet | Found a runed translucent door.
 28928 | Gauntlet | Found a transporter.
 28949 | Gauntlet | Noticed a storm dragon
 28949 | Gauntlet | a catoblepas changed into a storm dragon
 28954 | Gauntlet | a storm dragon changed into a queen ant
 29010 | D:14     | Found a gate to the Vaults.
 29124 | D:14     | Received a gift from Okawaru
 29874 | D:13     | HP: 6/123 [moth of wrath (shapeshifter) (15)]
 29875 | D:13     | HP: 1/123 [poisoned by a moth of wrath (dark miasma)]
 30920 | D:15     | Entered Level 15 of the Dungeon
 31753 | D:15     | Reached XP level 16. HP: 131/131 MP: 27/27
 31859 | D:15     | Found a staircase to the Depths.
 32044 | D:15     | Received a gift from Okawaru
 33221 | Shoals:1 | Entered Level 1 of the Shoals
 33398 | Shoals:1 | HP: 2/131 [merfolk impaler/+1 trident of venom (13)]
 33399 | Shoals:1 | Slain by a merfolk impaler

Levels and vault maps discovered:
D:1:      sevenhm_arrival_forest_fort_large_4, layout_rooms
D:2:      layout_loops_ring, okawaru_gym_becter, first_ration
D:3:      layout_loops_ring, nicolae_overflow_hidden_temple, fedhas_altar_4,
          led_sif_pool
D:4:      layout_basic, portal_sewer_entry_d, minmay_misc_feat_tower,
          grunt_decor_one_mirror, feat_on_display
D:5:      layout_cave_pools, doesnt_xom_only_xom, temple_pool_b,
          hangedman_decor_peaks_small, uniq_sigmund
D:6:      black_bear_nest_2, layout_gridville, dancing_weapons_uskayaw,
          serial_shops, nicolae_shop_waterfront, shop_fountains, uniq_eustachio,
          uniq_grinder, uniq_pikel
D:7:      layout_loops_corners, lemuel_mausoleum_altar_yredelemnul,
          gammafunk_ghost_hive
D:8:      layout_layer_cave, lemuel_doored_altar, serial_bayou_ford_a,
          uniq_maurice, uniq_harold
D:9:      layout_long_grid, special_room [special_room_orc]
D:10:     layout_stronghold
D:11:     layout_long_grid, grunt_lair_entry_orc_guard_hut,
          serial_co_window_serial, co_window_corner_a,
          co_window_of_opportunity_a, co_window_paths_b, co_window_paths_b,
          co_window_cross_1, co_window_2corner, co_window_of_opportunity_c,
          co_window_broadway_c, co_window_2corner, co_window_of_opportunity_c,
          co_window_4corner_b, glass_columns_c, glass_columns_c,
          glass_columns_a, glass_columns_b, glass_columns_b, serial_shops,
          nicolae_shop_statue_plus, basic_altar, david_nohive_1,
          minmay_misc_feat_rows
D:12:     layout_loops_ring, orc_0_dummy
D:13:     layout_rooms, special_room [special_room_orc], grunt_decor_arrowhead,
          lemuel_flamethrower_1, uniq_urug, uniq_kirke
D:14:     minmay_stone_box, layout_loops_ring,
          lightli_vaults_fourway_checkpoint, serial_park_square2,
          gauntlet_entry_generic, nrook_guardian_serpent_ordinary
D:15:     grunt_enter_depths_magical_seal, layout_rooms, chequers_jeans,
          evilmike_minifort
Lair:1:   layout_misc_corridors
Lair:2:   layout_cave_pods, minmay_shoals_entry_hut, grunt_megastairs_1
Lair:3:   layout_chaotic_city, spider_nest_entry_rubble
Lair:4:   minmay_lair_venomous_thicket, layout_loops_ring,
          nicolae_lair_grove_arrangements, beast_lair_carwin_1,
          lemuel_fruit_tree, uniq_nessos
Lair:5:   layout_regular_city, dpeg_slime_entry_enclosed_altar
Lair:6:   hangedman_lair_tendril_chambers, layout_regular_city,
          hangedman_lair_caniforms_friends, lemuel_fruit_fields,
          infiniplex_staircase_pool, lemuel_fruit_fields
Shoals:1: layout_shoals
Spider:1: layout_spider_delve
Orc:1:    layout_diamond_mine, serial_shops, rock_pile
Orc:2:    st_orc_congregation, layout_caves, serial_shops,
          nicolae_shop_behind_doors

Skill      XL: |  1  2  3  4  5  6  7  8  9 10 11 12 13 14 15 |
---------------+----------------------------------------------+-----
Polearms       | 2 3 4 5 6 8 9 10 11 13 | 13.7
Armour         | 3 4 5 6 7 8 9 10 11 12 | 12.6
Shields        | 3 4 5 6 7 8 9 10 11 12 | 12.6
Fighting       | 4 5 6 8 9 10 11 12 13 | 13.6
Invocations    | 7 11 13 14 | 14.9

Action                   |  1- 3 |  4- 6 |  7- 9 | 10-12 | 13-15 | 16-18 || total
-------------------------+-------+-------+-------+-------+-------+-------++-------
Melee: Trident           |   111 |   216 |   360 |   594 |    89 |       ||  1370
       Headbutt          |       |     6 |    78 |   153 |   347 |    45 ||   629
       Demon trident     |       |       |       |   218 |  1607 |   245 ||  2070
Invok: Heroism           |       |       |       |     6 |     1 |       ||     7
       Finesse           |       |       |       |     1 |       |       ||     1
 Abil: Stop Flying       |       |       |       |       |     1 |     4 ||     5
       Evoke Flight      |       |       |       |       |       |     4 ||     4
Evoke: Wand              |       |       |       |       |     2 |       ||     2
  Use: Potion            |       |     1 |     3 |     5 |     8 |     6 ||    23
       Scroll            |       |     6 |     2 |    19 |    13 |     8 ||    48
 Stab: Distracted        |       |       |       |     1 |       |       ||     1
  Eat: Chunk             |       |     8 |     7 |    30 |    44 |     2 ||    91
       Ration            |       |       |     3 |     1 |     2 |     1 ||     7
Armor: Scale mail        |    42 |    83 |     9 |       |       |       ||   134
       Chain mail        |       |       |   134 |    85 |       |       ||   219
       Ring mail         |       |       |     9 |       |       |       ||     9
       Plate armour      |       |       |       |   252 |   552 |    81 ||   885
Dodge: Dodged            |    27 |    51 |    50 |   119 |   203 |    39 ||   489
       Deflected         |       |       |       |     2 |    22 |     3 ||    27
Block: Shield            |    48 |   109 |   141 |   395 |   783 |   135 ||  1611

Table legend:
 A = Non-vault XP
 B = Vault XP
 C = Vault XP percentage of total XP
 D = Non-vault monster count
 E = Vault monster count
 F = Vault count percentage of total count
                 A         B        C        D         E       F
            +---------+---------+-------+---------+---------+-------
      Total |  108678 |   68054 |  38.5 |     618 |     371 |  37.5
            +---------+---------+-------+---------+---------+-------
        D:1 |      58 |       0 |   0.0 |      32 |       0 |   0.0
        D:2 |     124 |       0 |   0.0 |      26 |       0 |   0.0
        D:3 |      43 |       0 |   0.0 |      15 |       0 |   0.0
        D:4 |     224 |      13 |   5.5 |      17 |       1 |   5.6
        D:5 |     474 |     227 |  32.4 |      12 |       1 |   7.7
        D:6 |      44 |       0 |   0.0 |       2 |       0 |   0.0
        D:7 |    1521 |     717 |  32.0 |      27 |      12 |  30.8
        D:8 |    1087 |    1429 |  56.8 |      12 |       2 |  14.3
        D:9 |    2378 |     113 |   4.5 |      31 |      24 |  43.6
       D:10 |    2009 |       0 |   0.0 |      24 |       0 |   0.0
       D:11 |    3824 |    1807 |  32.1 |      28 |      22 |  44.0
       D:12 |    5048 |       0 |   0.0 |      31 |       0 |   0.0
       D:13 |    2791 |    5351 |  65.7 |      17 |      27 |  61.4
       D:14 |   10167 |    7867 |  43.6 |      50 |      13 |  20.6
       D:15 |   15972 |   11669 |  42.2 |      46 |      24 |  34.3
     Lair:1 |    5187 |       0 |   0.0 |      25 |       0 |   0.0
     Lair:2 |    7360 |     497 |   6.3 |      31 |       3 |   8.8
     Lair:3 |    2758 |     625 |  18.5 |      15 |       3 |  16.7
     Lair:4 |    4234 |    4691 |  52.6 |      15 |      19 |  55.9
     Lair:5 |    7650 |    1138 |  12.9 |      26 |       5 |  16.1
     Lair:6 |   16017 |   19435 |  54.8 |      53 |      88 |  62.4
   Shoals:1 |    6556 |       0 |   0.0 |      14 |       0 |   0.0
   Spider:1 |    9218 |       0 |   0.0 |      23 |       0 |   0.0
      Orc:1 |    1302 |    4378 |  77.1 |      15 |      11 |  42.3
      Orc:2 |    2632 |    7741 |  74.6 |      31 |      68 |  68.7
      Sewer |       0 |     356 | 100.0 |       0 |      48 | 100.0
            +---------+---------+-------+---------+---------+-------
